Nordiques vs Avalanche
(R2)
Created - 11 mai 2014 at 08:48
Goals
|
| Nordiques |
0 |
0 |
2 |
2 |
| Avalanche |
0 |
1 |
4 |
5 |
|
Shots
|
| Nordiques |
5 |
11 |
12 |
28 |
| Avalanche |
5 |
10 |
13 |
28 |
|
1st period
No Goal
Penalties :
Vincent Lecavalier (Que) for Interference (Minor) at 6:34, Lubomir Visnovsky (Que) for High sticking (Minor) at 10:16, Simon Gagné (Que) for Slashing (Minor) at 15:27, Lubomir Visnovsky (Que) for Roughing (Minor) at 18:40, Mike Comrie (Col) for Interference (Minor) at 19:29
2nd period
1. Avalanche , Jack Johnson 1 (Drew Doughty, Erik Cole) at 4:42
Penalties :
Jason Pominville (Col) for Interference (Minor) at 1:29, Ryan Smyth (Col) for Hooking (Minor) at 1:45, Mike Comrie (Col) for High sticking (Minor) at 7:52, Simon Gagné (Que) for Hooking (Minor) at 13:57, Oleg Kvasha (Col) for Roughing (Minor) at 19:19
3rd period
2. Nordiques , Bryan McCabe 3 (Mattias Weinhandl) at 1:34
3. Nordiques , Jordan Eberle 3 (Éric Belanger, Lubomir Visnovsky) at 3:11
4. Avalanche , Mike Comrie 4 (Ryan Smyth) at 3:22
5. Avalanche , Jason Pominville 11 (Mike Comrie) at 4:48 (PP)
6. Avalanche , Chuck Kobasew 3 (Dave Tanabe, Andrew Ladd) at 7:52
7. Avalanche , Rostislav Olesz 5 (Oleg Kvasha, Shane O'Brien) at 15:54
Penalties :
Lubomir Visnovsky (Que) for Kneeing (Major) at 4:16, Erik Cole (Col) for Interference (Minor) at 6:23, Ryan Whitney (Que) for Hooking (Minor) at 9:39, Nick Schultz (Que) for Hooking (Minor) at 12:20, Maxim Afinogenov (Que) for Hooking (Minor) at 19:30
Goalie Stats
Jean-Sébastien Giguère (Que), 23 saves from 28 shots - (0,821), L, 10-4-1, 60:00 minutes
Marty Turco (Col), 26 saves from 28 shots - (0,929), W, 9-1-2, 60:00 minutes
Players Stats for Nordiques
Player Name G A P +/- PIM S H SB GA TA FO MP PP MP PK MP
------------------------------------------------------------------------------------
Ales Kotalik 0 0 0 -1 0 2 0 0 0 0 0/1 11:42 3:02 0:00
Alexei Ponikarovsky 0 0 0 -1 0 1 1 0 0 0 0/0 8:40 0:06 2:06
Bryan McCabe 1 0 1 -1 0 1 1 2 1 1 0/0 26:14 4:30 3:34
Éric Belanger 0 1 1 1 0 0 2 0 0 0 3/4 14:24 0:06 6:07
Jordan Eberle 1 0 1 1 0 1 1 0 0 0 0/0 6:31 0:00 0:00
Jordan Leopold 0 0 0 0 0 1 1 1 0 1 0/0 25:26 2:32 10:18
Lubomir Visnovsky 0 1 1 1 9 0 1 2 0 0 0/0 19:09 2:59 4:20
Matt Smaby 0 0 0 -2 0 0 1 0 0 0 0/0 7:29 0:00 0:00
Mattias Weinhandl 0 1 1 0 0 1 0 0 0 0 1/1 6:15 0:06 0:00
Maxim Afinogenov 0 0 0 -2 2 3 0 0 0 1 0/1 14:32 3:27 0:00
Nick Schultz 0 0 0 -1 2 0 1 0 0 0 0/0 13:32 0:00 5:05
Rickard Wallin 0 0 0 0 0 0 0 0 0 0 1/2 6:19 0:00 0:20
Ryan Bayda 0 0 0 1 0 2 1 0 0 0 1/1 10:16 0:00 3:25
Ryan Malone 0 0 0 0 0 3 3 0 1 0 0/1 17:20 3:02 4:45
Ryan Whitney 0 0 0 -1 2 1 3 4 0 4 0/0 30:06 4:30 9:07
Simon Gagné 0 0 0 -2 4 2 1 0 0 0 0/1 24:26 3:54 7:04
Tyler Arnason 0 0 0 0 0 4 0 0 1 0 5/12 11:50 3:02 0:00
Vincent Lecavalier 0 0 0 -2 2 6 1 0 2 0 30/53 26:19 3:54 8:37
Players Stats for Avalanche
Player Name G A P +/- PIM S H SB GA TA FO MP PP MP PK MP
------------------------------------------------------------------------------------
Andrew Ladd 0 1 1 1 0 0 4 1 0 0 0/0 8:24 0:06 0:23
Brian Campbell 0 0 0 1 0 2 2 1 2 0 0/0 21:39 5:12 2:53
Bryan Little 0 0 0 0 0 0 0 0 0 0 2/6 6:23 0:00 1:07
Chuck Kobasew 1 0 1 1 0 2 1 0 0 0 1/1 11:10 0:06 0:00
Corey Perry 0 0 0 0 0 0 1 0 0 0 3/4 18:59 6:13 1:33
Daniel Cleary 0 0 0 0 0 0 0 1 0 0 0/0 0:31 0:00 0:00
Dave Tanabe 0 1 1 2 0 0 2 1 1 1 0/0 25:27 11:06 4:34
Drew Doughty 0 1 1 -1 0 0 0 1 0 0 0/0 13:29 0:00 0:00
Erik Cole 0 1 1 0 2 2 5 0 0 0 0/1 15:30 6:50 2:18
Jack Johnson 1 0 1 -1 0 1 0 3 0 3 0/0 22:29 5:06 1:36
Jason Pominville 1 0 1 1 2 6 1 0 1 0 0/4 25:52 9:53 3:07
Marc Staal 0 0 0 2 0 1 2 1 0 0 0/0 29:47 11:06 4:27
Maxim Talbot 0 0 0 0 0 0 0 0 0 0 1/1 7:39 0:00 0:16
Mike Comrie 1 1 2 1 4 4 7 2 1 0 19/33 20:14 9:14 0:30
Oleg Kvasha 0 1 1 0 2 3 0 0 0 0 5/13 17:01 6:13 0:00
Rostislav Olesz 1 0 1 0 0 1 1 0 0 0 0/0 10:34 0:00 0:00
Ryan Smyth 0 1 1 1 2 6 3 0 2 1 5/14 25:33 9:53 3:06
Shane O'Brien 0 1 1 1 0 0 0 0 0 0 0/0 7:19 0:00 0:34
3 Stars
1 - Mike Comrie (Col)
2 - Chuck Kobasew (Col)
3 - Jordan Eberle (Que)
Power Play
Nordiques - 0 on 6 Attempt(s) - 0,00%
Avalanche - 1 on 9 Attempt(s) - 11,11%
Penalty Kill
Nordiques - 8 on 9 Attempt(s) - 88,89%
- Score 0 goal in Penalty Kill
Avalanche - 6 on 6 Attempt(s) - 100,00%
- Score 0 goal in Penalty Kill
Official
Referees : LaRue Dennis and Meier Brad
Linesman : Steve Miller and Lonnie Cameron
Game Notes
Daniel Cleary is injured at 2:14 of 1st period (Left Knee)
3:11 of 3rd period - Nordiques goal is going for a video replay. After video review, Goal.
Finance
Level 1 -- Attendance: 6000 (100,00%) -- Ticket Income 504 000 $
Level 2 -- Attendance: 5000 (100,00%) -- Ticket Income 250 000 $
Level 3 -- Attendance: 2000 (100,00%) -- Ticket Income 56 000 $
Level 4 -- Attendance: 4000 (100,00%) -- Ticket Income 72 000 $
Luxury Box -- Attendance: 1000 (100,00%) -- Ticket Income 167 000 $
Game was played at the Pepsi Center
Total Attendance: 18000 (100,00%)
Total Ticket Income: 1 049 000 $
Other Income: 157 350 $
Total Income: 1 206 350 $
Nordiques
5 vs 5 Forward
Center Left Wing Right Wing Time % Phy DF OF
1 Vincent Lecavalier Simon Gagné Maxim Afinogenov 40 0 2 3
2 Tyler Arnason Ryan Malone Ales Kotalik 30 0 2 3
3 Éric Belanger Ryan Bayda Jordan Eberle 20 1 2 2
4 Rickard Wallin Alexei Ponikarovsky Mattias Weinhandl 10 1 2 2
5 vs 5 Defense
Defense Defense Time % Phy DF OF
1 Ryan Whitney Bryan McCabe 40 0 2 3
2 Lubomir Visnovsky Jordan Leopold 30 0 2 3
3 Nick Schultz Matt Smaby 20 0 3 2
4 Ryan Whitney Bryan McCabe 10 1 2 2
PowerPlay Forward
Center Left Wing Right Wing Time % Phy DF OF
1 Vincent Lecavalier Simon Gagné Maxim Afinogenov 60 0 1 4
2 Tyler Arnason Ryan Malone Ales Kotalik 40 0 1 4
PowerPlay Defense
Defense Defense Time % Phy DF OF
1 Ryan Whitney Bryan McCabe 60 0 2 3
2 Lubomir Visnovsky Jordan Leopold 40 0 2 3
Penalty Kill 4 Players Forward
Center Wing Time % Phy DF OF
1 Vincent Lecavalier Simon Gagné 60 1 4 0
2 Éric Belanger Ryan Malone 40 1 4 0
Penalty Kill 4 Players Defense
Defense Defense Time % Phy DF OF
1 Jordan Leopold Ryan Whitney 60 1 4 0
2 Lubomir Visnovsky Nick Schultz 40 1 4 0
Penalty Kill - 3 Players Forward
Forward Time % Phy DF OF
1 Vincent Lecavalier 60 1 4 0
2 Simon Gagné 40 1 4 0
Penalty Kill - 3 Players Defense
Defense Defense Time % Phy DF OF
1 Jordan Leopold Ryan Whitney 60 1 4 0
2 Lubomir Visnovsky Nick Schultz 40 1 4 0
4 vs 4 Forward
Center Wing Time % Phy DF OF
1 Vincent Lecavalier Simon Gagné 60 0 2 3
2 Tyler Arnason Maxim Afinogenov 40 0 2 3
4 vs 4 Defense
Defense Defense Time % Phy DF OF
1 Ryan Whitney Bryan McCabe 60 1 2 2
2 Lubomir Visnovsky Jordan Leopold 40 1 2 2
Last Minutes Offensive
Center Left Wing Right Wing Defense Defense
Vincent Lecavalier Simon Gagné Maxim Afinogenov Ryan Whitney Bryan McCabe
Last Minutes Defensive
Center Left Wing Right Wing Defense Defense
Vincent Lecavalier Simon Gagné Maxim Afinogenov Bryan McCabe Ryan Whitney
Goaltenders
Starting : Jean-Sébastien Giguère
Backup : Mike Smith
Extra Forwards
Normal : Ales Kotalik, Vincent Lecavalier, Simon Gagné - PP : Ales Kotalik, Simon Gagné - PK : Ryan Bayda
Extra Defensemen
Normal : Jordan Leopold, Bryan McCabe, Ryan Whitney - PP : Jordan Leopold - PK : Bryan McCabe, Jordan Leopold
Penalty Shots
Vincent Lecavalier, Simon Gagné, Bryan McCabe, Jordan Eberle, Maxim Afinogenov
Avalanche
5 vs 5 Forward
Center Left Wing Right Wing Time % Phy DF OF
1 Mike Comrie Ryan Smyth Jason Pominville 40 1 2 2
2 Oleg Kvasha Rostislav Olesz Corey Perry 30 1 2 2
3 Maxim Talbot Andrew Ladd Daniel Cleary 15 1 2 2
4 Bryan Little Erik Cole Chuck Kobasew 15 1 2 2
5 vs 5 Defense
Defense Defense Time % Phy DF OF
1 Drew Doughty Jack Johnson 40 1 2 2
2 Brian Campbell Marc Staal 35 1 2 2
3 Shane O'Brien Dave Tanabe 25 1 2 2
4 Marc Staal Dave Tanabe 0 1 2 2
PowerPlay Forward
Center Left Wing Right Wing Time % Phy DF OF
1 Mike Comrie Ryan Smyth Jason Pominville 60 1 2 2
2 Oleg Kvasha Erik Cole Corey Perry 40 1 2 2
PowerPlay Defense
Defense Defense Time % Phy DF OF
1 Marc Staal Dave Tanabe 60 1 2 2
2 Brian Campbell Jack Johnson 40 1 2 2
Penalty Kill 4 Players Forward
Center Wing Time % Phy DF OF
1 Ryan Smyth Jason Pominville 60 1 2 2
2 Corey Perry Mike Comrie 40 1 2 2
Penalty Kill 4 Players Defense
Defense Defense Time % Phy DF OF
1 Marc Staal Dave Tanabe 60 1 2 2
2 Brian Campbell Jack Johnson 40 1 2 2
Penalty Kill - 3 Players Forward
Forward Time % Phy DF OF
1 Ryan Smyth 60 1 2 2
2 Jason Pominville 40 1 2 2
Penalty Kill - 3 Players Defense
Defense Defense Time % Phy DF OF
1 Marc Staal Dave Tanabe 60 1 2 2
2 Brian Campbell Jack Johnson 40 1 2 2
4 vs 4 Forward
Center Wing Time % Phy DF OF
1 Ryan Smyth Jason Pominville 60 1 2 2
2 Corey Perry Mike Comrie 40 1 2 2
4 vs 4 Defense
Defense Defense Time % Phy DF OF
1 Marc Staal Dave Tanabe 60 1 2 2
2 Brian Campbell Jack Johnson 40 1 2 2
Last Minutes Offensive
Center Left Wing Right Wing Defense Defense
Mike Comrie Ryan Smyth Jason Pominville Marc Staal Dave Tanabe
Last Minutes Defensive
Center Left Wing Right Wing Defense Defense
Mike Comrie Ryan Smyth Jason Pominville Marc Staal Dave Tanabe
Goaltenders
Starting : Marty Turco
Backup : Patrick Lalime
Extra Forwards
Normal : Chuck Kobasew, Daniel Cleary, Erik Cole - PP : Chuck Kobasew, Daniel Cleary - PK : Erik Cole
Extra Defensemen
Normal : Shane O'Brien, Drew Doughty, Brian Campbell - PP : Shane O'Brien - PK : Drew Doughty, Brian Campbell
Penalty Shots
Ryan Smyth, Jason Pominville, Corey Perry, Mike Comrie, Oleg Kvasha
% Time on Ice - Nordiques
Lines # - Real PCT - Wanted PCT - Time Play
Normal Forward
1 - 35% - 40% - 11:51
2 - 29% - 30% - 9:35
3 - 19% - 20% - 6:31
4 - 17% - 10% - 5:40
Normal Defense
1 - 42% - 40% - 14:02
2 - 34% - 30% - 11:29
3 - 22% - 20% - 7:19
4 - 2% - 10% - 0:47
PP Forward
1 - 57% - 60% - 3:59
2 - 43% - 40% - 3:03
PP Defense
1 - 64% - 60% - 4:30
2 - 36% - 40% - 2:32
PK Forward
1 - 71% - 60% - 11:27
2 - 29% - 40% - 4:45
PK Defense
1 - 63% - 60% - 10:12
2 - 37% - 40% - 6:00
PK3 Forward
1 - 0% - 60%
2 - 0% - 40%
PK3 Defense
1 - 0% - 60%
2 - 0% - 40%
44 Forward
1 - 86% - 60% - 2:43
2 - 14% - 40% - 0:26
44 Defense
1 - 77% - 60% - 2:25
2 - 23% - 40% - 0:44
Last Minute Offensive - 0:00
Last Minute Defensive - 0:00
Total
Forward - 60:00
Defense - 60:00
|
% Time on Ice - Avalanche
Lines # - Real PCT - Wanted PCT - Time Play
Normal Forward
1 - 31% - 40% - 10:27
2 - 31% - 30% - 10:35
3 - 22% - 15% - 7:19
4 - 16% - 15% - 5:16
Normal Defense
1 - 42% - 40% - 14:01
2 - 37% - 35% - 12:20
3 - 20% - 25% - 6:40
4 - 2% - 0% - 0:36
PP Forward
1 - 62% - 60% - 9:59
2 - 38% - 40% - 6:13
PP Defense
1 - 69% - 60% - 11:06
2 - 31% - 40% - 5:06
PK Forward
1 - 71% - 60% - 3:46
2 - 29% - 40% - 1:33
PK Defense
1 - 61% - 60% - 3:16
2 - 39% - 40% - 2:03
PK3 Forward
1 - 100% - 60% - 1:43
2 - 0% - 40% - 0:00
PK3 Defense
1 - 51% - 60% - 0:53
2 - 49% - 40% - 0:50
44 Forward
1 - 86% - 60% - 2:43
2 - 14% - 40% - 0:26
44 Defense
1 - 80% - 60% - 2:31
2 - 20% - 40% - 0:38
Last Minute Offensive - 0:00
Last Minute Defensive - 0:00
Total
Forward - 60:00
Defense - 60:00
|
Play by Play
1st period
0:01 of 1st period - Vincent Lecavalier wins face-off versus Mike Comrie in neutral zone.
0:10 of 1st period - Wrist shot by Vincent Lecavalier.
0:10 of 1st period - Stopped by Marty Turco with a rebound.
0:14 of 1st period - Wrist shot by Vincent Lecavalier.
0:14 of 1st period - Stopped by Marty Turco without a rebound.
0:15 of 1st period - Tyler Arnason wins face-off versus Oleg Kvasha in Avalanche zone.
0:24 of 1st period - Wrist shot by Oleg Kvasha.
0:24 of 1st period - Shot Misses the Net.
1:00 of 1st period - Off-side.
1:01 of 1st period - Vincent Lecavalier wins face-off versus Bryan Little in neutral zone.
2:14 of 1st period - Slapshot by Vincent Lecavalier.
2:14 of 1st period - Shot Blocked by Daniel Cleary.
2:14 of 1st period - Daniel Cleary from Avalanche is injured at 2:14 of 1st period (Left Knee).
2:15 of 1st period - Mike Comrie wins face-off versus Vincent Lecavalier in Avalanche zone.
2:22 of 1st period - Slapshot by Mike Comrie.
2:22 of 1st period - Stopped by Jean-Sébastien Giguère without a rebound.
2:23 of 1st period - Mike Comrie wins face-off versus Vincent Lecavalier in Nordiques zone.
2:26 of 1st period - Wrist shot by Ryan Smyth.
2:26 of 1st period - Shot Misses the Net.
4:06 of 1st period - Dave Tanabe is hit by Matt Smaby and loses puck.
4:15 of 1st period - Wrist shot by Ryan Bayda.
4:15 of 1st period - Stopped by Marty Turco with a rebound.
4:17 of 1st period - Snap shot by Ryan Whitney.
4:17 of 1st period - Shot Hit the Post.
4:38 of 1st period - Tyler Arnason is hit by Marc Staal.
4:42 of 1st period - Matt Smaby is hit by Mike Comrie and loses puck.
4:53 of 1st period - Ales Kotalik is hit by Andrew Ladd.
5:21 of 1st period - Wrist shot by Erik Cole.
5:21 of 1st period - Stopped by Jean-Sébastien Giguère without a rebound.
5:22 of 1st period - Vincent Lecavalier wins face-off versus Bryan Little in Nordiques zone.
5:52 of 1st period - Snap shot by Ryan Smyth.
5:52 of 1st period - Shot Blocked by Bryan McCabe.
6:34 of 1st period - Minor Penalty to Vincent Lecavalier for Interference.
6:35 of 1st period - Ryan Bayda wins face-off versus Jason Pominville in Nordiques zone.
7:28 of 1st period - Simon Gagné is hit by Mike Comrie and loses puck.
8:34 of 1st period - Penalty to Vincent Lecavalier is over, Vincent Lecavalier is back on ice.
8:52 of 1st period - Icing by Jack Johnson.
8:53 of 1st period - Maxim Talbot wins face-off versus Tyler Arnason in Avalanche zone.
9:02 of 1st period - Ryan Malone is hit by Andrew Ladd and loses puck.
9:19 of 1st period - Backhand shot by Oleg Kvasha.
9:19 of 1st period - Shot Misses the Net.
9:46 of 1st period - Snap shot by Ryan Bayda.
9:46 of 1st period - Stopped by Marty Turco without a rebound.
9:47 of 1st period - Éric Belanger wins face-off versus Bryan Little in Avalanche zone.
10:16 of 1st period - Minor Penalty to Lubomir Visnovsky for High sticking.
10:17 of 1st period - Vincent Lecavalier wins face-off versus Mike Comrie in Nordiques zone.
11:41 of 1st period - Icing by Jason Pominville.
11:42 of 1st period - Ryan Smyth wins face-off versus Vincent Lecavalier in Avalanche zone.
12:16 of 1st period - Penalty to Lubomir Visnovsky is over, Lubomir Visnovsky is back on ice.
12:38 of 1st period - Snap shot by Vincent Lecavalier.
12:38 of 1st period - Stopped by Marty Turco without a rebound.
12:39 of 1st period - Oleg Kvasha wins face-off versus Tyler Arnason in Avalanche zone.
12:52 of 1st period - Wrist shot by Rostislav Olesz.
12:52 of 1st period - Shot Misses the Net.
13:31 of 1st period - Brian Campbell is hit by Jordan Leopold and loses puck.
13:38 of 1st period - Snap shot by Jason Pominville.
13:38 of 1st period - Shot Misses the Net.
13:40 of 1st period - Wrist shot by Brian Campbell.
13:40 of 1st period - Stopped by Jean-Sébastien Giguère without a rebound.
13:41 of 1st period - Mike Comrie wins face-off versus Vincent Lecavalier in Nordiques zone.
14:28 of 1st period - Slapshot by Chuck Kobasew.
14:28 of 1st period - Stopped by Jean-Sébastien Giguère with a rebound.
14:34 of 1st period - Shane O'Brien is hit by Jordan Eberle and loses puck.
14:51 of 1st period - Wrist shot by Mattias Weinhandl.
14:51 of 1st period - Shot Misses the Net.
15:27 of 1st period - Minor Penalty to Simon Gagné for Slashing.
15:28 of 1st period - Mike Comrie wins face-off versus Vincent Lecavalier in Nordiques zone.
15:31 of 1st period - Slapshot by Mike Comrie.
15:31 of 1st period - Shot Blocked by Ryan Whitney.
15:43 of 1st period - Snap shot by Ryan Smyth.
15:43 of 1st period - Stopped by Jean-Sébastien Giguère without a rebound.
15:44 of 1st period - Mike Comrie wins face-off versus Vincent Lecavalier in Nordiques zone.
16:32 of 1st period - Mike Comrie is hit by Ryan Bayda and loses puck.
16:54 of 1st period - Icing by Corey Perry.
16:55 of 1st period - Vincent Lecavalier wins face-off versus Oleg Kvasha in Avalanche zone.
17:27 of 1st period - Penalty to Simon Gagné is over, Simon Gagné is back on ice.
18:14 of 1st period - Maxim Talbot is hit by Nick Schultz and loses puck.
18:31 of 1st period - Snap shot by Oleg Kvasha.
18:31 of 1st period - Deflect By Rostislav Olesz.
18:31 of 1st period - Shot Misses the Net.
18:31 of 1st period - Puck is out of play.
18:32 of 1st period - Mike Comrie wins face-off versus Vincent Lecavalier in Nordiques zone.
18:40 of 1st period - Minor Penalty to Lubomir Visnovsky for Roughing.
18:41 of 1st period - Mike Comrie wins face-off versus Vincent Lecavalier in Nordiques zone.
18:57 of 1st period - Snap shot by Jason Pominville.
18:57 of 1st period - Shot Misses the Net.
19:11 of 1st period - Oleg Kvasha is hit by Éric Belanger and loses puck.
19:29 of 1st period - Minor Penalty to Mike Comrie for Interference.
19:30 of 1st period - Vincent Lecavalier wins face-off versus Ryan Smyth in Avalanche zone.
Goals for this period are 0 for Nordiques vs 0 for Avalanche.
Shots for this period are 5 for Nordiques vs 5 for Avalanche.
2nd period
0:01 of 2nd period - Vincent Lecavalier wins face-off versus Ryan Smyth in neutral zone.
0:27 of 2nd period - Bryan McCabe is hit by Dave Tanabe and loses puck.
0:40 of 2nd period - Penalty to Lubomir Visnovsky is over, Lubomir Visnovsky is back on ice.
1:04 of 2nd period - Wrist shot by Ryan Smyth.
1:04 of 2nd period - Shot Blocked by Bryan McCabe.
1:06 of 2nd period - Snap shot by Jason Pominville.
1:06 of 2nd period - Stopped by Jean-Sébastien Giguère without a rebound.
1:07 of 2nd period - Corey Perry wins face-off versus Tyler Arnason in Nordiques zone.
1:14 of 2nd period - Slapshot by Jordan Leopold.
1:14 of 2nd period - Stopped by Marty Turco without a rebound.
1:15 of 2nd period - Tyler Arnason wins face-off versus Corey Perry in Avalanche zone.
1:24 of 2nd period - Wrist shot by Ryan Malone.
1:24 of 2nd period - Shot Misses the Net.
1:26 of 2nd period - Slapshot by Ales Kotalik.
1:26 of 2nd period - Stopped by Marty Turco without a rebound.
1:27 of 2nd period - Ryan Smyth wins face-off versus Tyler Arnason in Avalanche zone.
1:29 of 2nd period - Penalty to Mike Comrie is over, Mike Comrie is back on ice.
1:29 of 2nd period - Minor Penalty to Jason Pominville for Interference.
1:30 of 2nd period - Vincent Lecavalier wins face-off versus Ryan Smyth in Avalanche zone.
1:45 of 2nd period - Minor Penalty to Ryan Smyth for Hooking.
1:46 of 2nd period - Vincent Lecavalier wins face-off versus Erik Cole in Avalanche zone.
1:56 of 2nd period - Snap shot by Vincent Lecavalier.
1:56 of 2nd period - Shot Blocked by Dave Tanabe.
1:58 of 2nd period - Wrist shot by Maxim Afinogenov.
1:58 of 2nd period - Shot Misses the Net.
2:00 of 2nd period - Snap shot by Ryan Whitney.
2:00 of 2nd period - Stopped by Marty Turco with a rebound.
2:02 of 2nd period - Slapshot by Ryan Whitney.
2:02 of 2nd period - Shot Blocked by Marc Staal.
3:29 of 2nd period - Penalty to Jason Pominville is over, Jason Pominville is back on ice.
3:45 of 2nd period - Penalty to Ryan Smyth is over, Ryan Smyth is back on ice.
3:48 of 2nd period - Icing by Éric Belanger.
3:49 of 2nd period - Éric Belanger wins face-off versus Oleg Kvasha in Nordiques zone.
4:06 of 2nd period - Matt Smaby is hit by Rostislav Olesz and loses puck.
4:21 of 2nd period - Nick Schultz is hit by Dave Tanabe and loses puck.
4:36 of 2nd period - Snap shot by Erik Cole.
4:36 of 2nd period - Stopped by Jean-Sébastien Giguère without a rebound.
4:37 of 2nd period - Bryan Little wins face-off versus Vincent Lecavalier in Nordiques zone.
4:40 of 2nd period - Snap shot by Drew Doughty.
4:40 of 2nd period - Shot Blocked by Ryan Whitney.
4:42 of 2nd period - Wrist shot by Jack Johnson.
4:42 of 2nd period - Goal by Jack Johnson - Nordiques : 0 - Avalanche : 1.
4:43 of 2nd period - Mike Comrie wins face-off versus Maxim Afinogenov in neutral zone.
4:46 of 2nd period - Wrist shot by Jason Pominville.
4:46 of 2nd period - Stopped by Jean-Sébastien Giguère with a rebound.
5:01 of 2nd period - Icing by Ryan Whitney.
5:02 of 2nd period - Corey Perry wins face-off versus Vincent Lecavalier in Nordiques zone.
5:18 of 2nd period - Off-side.
5:19 of 2nd period - Mike Comrie wins face-off versus Tyler Arnason in neutral zone.
5:24 of 2nd period - Tyler Arnason is hit by Mike Comrie and loses puck.
5:33 of 2nd period - Bryan McCabe is hit by Mike Comrie and loses puck.
6:26 of 2nd period - Lubomir Visnovsky is hit by Chuck Kobasew.
6:36 of 2nd period - Wrist shot by Alexei Ponikarovsky.
6:36 of 2nd period - Shot Misses the Net.
7:06 of 2nd period - Corey Perry is hit by Ryan Malone and loses puck.
7:11 of 2nd period - Snap shot by Ales Kotalik.
7:11 of 2nd period - Shot Misses the Net.
7:13 of 2nd period - Snap shot by Tyler Arnason.
7:13 of 2nd period - Stopped by Marty Turco with a rebound.
7:15 of 2nd period - Wrist shot by Tyler Arnason.
7:15 of 2nd period - Shot Blocked by Jack Johnson.
7:52 of 2nd period - Minor Penalty to Mike Comrie for High sticking.
7:53 of 2nd period - Vincent Lecavalier wins face-off versus Ryan Smyth in Avalanche zone.
8:30 of 2nd period - Ryan Malone is hit by Erik Cole and loses puck.
9:27 of 2nd period - Ryan Whitney is hit by Erik Cole and loses puck.
9:46 of 2nd period - Jason Pominville is hit by Simon Gagné and loses puck.
9:52 of 2nd period - Penalty to Mike Comrie is over, Mike Comrie is back on ice.
10:02 of 2nd period - Ryan Bayda is hit by Mike Comrie and loses puck.
10:46 of 2nd period - Slapshot by Oleg Kvasha.
10:46 of 2nd period - Stopped by Jean-Sébastien Giguère without a rebound.
10:47 of 2nd period - Tyler Arnason wins face-off versus Bryan Little in Nordiques zone.
10:54 of 2nd period - Snap shot by Ryan Malone.
10:54 of 2nd period - Stopped by Marty Turco with a rebound.
11:10 of 2nd period - Corey Perry is hit by Vincent Lecavalier and loses puck.
11:15 of 2nd period - Wrist shot by Vincent Lecavalier.
11:15 of 2nd period - Stopped by Marty Turco without a rebound.
11:16 of 2nd period - Vincent Lecavalier wins face-off versus Oleg Kvasha in Avalanche zone.
11:17 of 2nd period - Wrist shot by Simon Gagné.
11:17 of 2nd period - Stopped by Marty Turco with a rebound.
11:25 of 2nd period - Wrist shot by Corey Perry.
11:25 of 2nd period - Shot Blocked by Lubomir Visnovsky.
11:27 of 2nd period - Slapshot by Brian Campbell.
11:27 of 2nd period - Stopped by Jean-Sébastien Giguère without a rebound.
11:28 of 2nd period - Vincent Lecavalier wins face-off versus Mike Comrie in Nordiques zone.
11:41 of 2nd period - Vincent Lecavalier is hit by Ryan Smyth.
12:03 of 2nd period - Slapshot by Tyler Arnason.
12:03 of 2nd period - Stopped by Marty Turco without a rebound.
12:04 of 2nd period - Mike Comrie wins face-off versus Vincent Lecavalier in Avalanche zone.
12:04 of 2nd period - Jason Pominville is hit by Ryan Whitney and loses puck.
12:16 of 2nd period - Snap shot by Jason Pominville.
12:16 of 2nd period - Shot Misses the Net.
12:18 of 2nd period - Slapshot by Drew Doughty.
12:18 of 2nd period - Deflect By Ryan Smyth.
12:18 of 2nd period - Stopped by Jean-Sébastien Giguère without a rebound.
12:19 of 2nd period - Tyler Arnason wins face-off versus Jason Pominville in Nordiques zone.
12:19 of 2nd period - Tyler Arnason is hit by Brian Campbell.
12:37 of 2nd period - Ryan Malone is hit by Mike Comrie and loses puck.
13:02 of 2nd period - Slapshot by Maxim Afinogenov.
13:02 of 2nd period - Shot Misses the Net.
13:36 of 2nd period - Slapshot by Lubomir Visnovsky.
13:36 of 2nd period - Shot Misses the Net.
13:57 of 2nd period - Minor Penalty to Simon Gagné for Hooking.
13:58 of 2nd period - Ryan Smyth wins face-off versus Vincent Lecavalier in Nordiques zone.
13:59 of 2nd period - Slapshot by Jason Pominville.
13:59 of 2nd period - Deflect By Jordan Leopold.
13:59 of 2nd period - Shot Misses the Net.
13:59 of 2nd period - Puck is out of play.
14:00 of 2nd period - Mike Comrie wins face-off versus Vincent Lecavalier in Nordiques zone.
14:01 of 2nd period - Wrist shot by Ryan Smyth.
14:01 of 2nd period - Shot Misses the Net.
14:03 of 2nd period - Wrist shot by Marc Staal.
14:03 of 2nd period - Deflect By Jason Pominville.
14:03 of 2nd period - Stopped by Jean-Sébastien Giguère with a rebound.
14:05 of 2nd period - Slapshot by Marc Staal.
14:05 of 2nd period - Stopped by Jean-Sébastien Giguère without a rebound.
14:06 of 2nd period - Mike Comrie wins face-off versus Vincent Lecavalier in Nordiques zone.
14:15 of 2nd period - Snap shot by Mike Comrie.
14:15 of 2nd period - Stopped by Jean-Sébastien Giguère without a rebound.
14:16 of 2nd period - Vincent Lecavalier wins face-off versus Mike Comrie in Nordiques zone.
15:57 of 2nd period - Penalty to Simon Gagné is over, Simon Gagné is back on ice.
16:46 of 2nd period - Jordan Leopold is hit by Brian Campbell and loses puck.
17:25 of 2nd period - Wrist shot by Ryan Malone.
17:25 of 2nd period - Shot Blocked by Jack Johnson.
18:09 of 2nd period - Snap shot by Ales Kotalik.
18:09 of 2nd period - Shot Blocked by Andrew Ladd.
18:58 of 2nd period - Rostislav Olesz is hit by Ryan Whitney.
19:02 of 2nd period - Wrist shot by Vincent Lecavalier.
19:02 of 2nd period - Stopped by Marty Turco with a rebound.
19:19 of 2nd period - Minor Penalty to Oleg Kvasha for Roughing.
19:20 of 2nd period - Vincent Lecavalier wins face-off versus Ryan Smyth in Avalanche zone.
19:21 of 2nd period - Wrist shot by Maxim Afinogenov.
19:21 of 2nd period - Stopped by Marty Turco without a rebound.
19:22 of 2nd period - Vincent Lecavalier wins face-off versus Ryan Smyth in Avalanche zone.
19:23 of 2nd period - Snap shot by Simon Gagné.
19:23 of 2nd period - Stopped by Marty Turco with a rebound.
Goals for this period are 0 for Nordiques vs 1 for Avalanche.
Shots for this period are 11 for Nordiques vs 10 for Avalanche.
3rd period
0:01 of 3rd period - Vincent Lecavalier wins face-off versus Ryan Smyth in neutral zone.
0:36 of 3rd period - Snap shot by Ales Kotalik.
0:36 of 3rd period - Shot Misses the Net.
1:19 of 3rd period - Penalty to Oleg Kvasha is over, Oleg Kvasha is back on ice.
1:32 of 3rd period - Wrist shot by Mattias Weinhandl.
1:32 of 3rd period - Stopped by Marty Turco without a rebound.
1:33 of 3rd period - Mattias Weinhandl wins face-off versus Oleg Kvasha in Avalanche zone.
1:34 of 3rd period - Slapshot by Bryan McCabe.
1:34 of 3rd period - Goal by Bryan McCabe - Nordiques : 1 - Avalanche : 1.
1:35 of 3rd period - Mike Comrie wins face-off versus Vincent Lecavalier in neutral zone.
1:48 of 3rd period - Snap shot by Maxim Afinogenov.
1:48 of 3rd period - Stopped by Marty Turco with a rebound.
1:50 of 3rd period - Slapshot by Vincent Lecavalier.
1:50 of 3rd period - Shot Blocked by Mike Comrie.
2:02 of 3rd period - Oleg Kvasha is hit by Ryan Malone and loses puck.
2:08 of 3rd period - Off-side.
2:09 of 3rd period - Mike Comrie wins face-off versus Vincent Lecavalier in neutral zone.
2:19 of 3rd period - Off-side.
2:20 of 3rd period - Vincent Lecavalier wins face-off versus Mike Comrie in neutral zone.
3:07 of 3rd period - Wrist shot by Éric Belanger.
3:07 of 3rd period - Shot Misses the Net.
3:11 of 3rd period - Snap shot by Jordan Eberle.
3:11 of 3rd period - Nordiques goal is going for a video replay.
3:11 of 3rd period - The goal is good.
3:11 of 3rd period - Goal by Jordan Eberle - Nordiques : 2 - Avalanche : 1.
3:12 of 3rd period - Mike Comrie wins face-off versus Vincent Lecavalier in neutral zone.
3:15 of 3rd period - Ryan Whitney is hit by Ryan Smyth and loses puck.
3:22 of 3rd period - Snap shot by Mike Comrie.
3:22 of 3rd period - Goal by Mike Comrie - Nordiques : 2 - Avalanche : 2.
3:23 of 3rd period - Vincent Lecavalier wins face-off versus Jason Pominville in neutral zone.
4:05 of 3rd period - Off-side.
4:06 of 3rd period - Oleg Kvasha wins face-off versus Tyler Arnason in neutral zone.
4:16 of 3rd period - Major Penalty to Lubomir Visnovsky for Kneeing.
4:17 of 3rd period - Vincent Lecavalier wins face-off versus Mike Comrie in Nordiques zone.
4:29 of 3rd period - Snap shot by Jason Pominville.
4:29 of 3rd period - Shot Misses the Net.
4:31 of 3rd period - Wrist shot by Dave Tanabe.
4:31 of 3rd period - Deflect By Mike Comrie.
4:31 of 3rd period - Shot Misses the Net.
4:31 of 3rd period - Puck is out of play.
4:32 of 3rd period - Vincent Lecavalier wins face-off versus Mike Comrie in Nordiques zone.
4:32 of 3rd period - Vincent Lecavalier is hit by Jason Pominville.
4:46 of 3rd period - Slapshot by Jason Pominville.
4:46 of 3rd period - Deflect By Ryan Smyth.
4:46 of 3rd period - Stopped by Jean-Sébastien Giguère without a rebound.
4:47 of 3rd period - Mike Comrie wins face-off versus Vincent Lecavalier in Nordiques zone.
4:48 of 3rd period - Wrist shot by Jason Pominville.
4:48 of 3rd period - Goal by Jason Pominville - Nordiques : 2 - Avalanche : 3.
4:49 of 3rd period - Mike Comrie wins face-off versus Vincent Lecavalier in neutral zone.
5:04 of 3rd period - Snap shot by Ryan Smyth.
5:04 of 3rd period - Stopped by Jean-Sébastien Giguère without a rebound.
5:05 of 3rd period - Vincent Lecavalier wins face-off versus Mike Comrie in Nordiques zone.
5:18 of 3rd period - Snap shot by Ryan Smyth.
5:18 of 3rd period - Stopped by Jean-Sébastien Giguère without a rebound.
5:19 of 3rd period - Vincent Lecavalier wins face-off versus Jason Pominville in Nordiques zone.
5:48 of 3rd period - Ryan Whitney is hit by Erik Cole and loses puck.
6:23 of 3rd period - Minor Penalty to Erik Cole for Interference.
6:24 of 3rd period - Ryan Smyth wins face-off versus Vincent Lecavalier in Avalanche zone.
6:33 of 3rd period - Slapshot by Jason Pominville.
6:33 of 3rd period - Deflect By Ryan Smyth.
6:33 of 3rd period - Stopped by Jean-Sébastien Giguère with a rebound.
6:35 of 3rd period - Slapshot by Dave Tanabe.
6:35 of 3rd period - Shot Blocked by Ryan Whitney.
6:37 of 3rd period - Slapshot by Marc Staal.
6:37 of 3rd period - Shot Blocked by Ryan Whitney.
7:09 of 3rd period - Wrist shot by Maxim Afinogenov.
7:09 of 3rd period - Stopped by Marty Turco with a rebound.
7:40 of 3rd period - Wrist shot by Ales Kotalik.
7:40 of 3rd period - Shot Misses the Net.
7:42 of 3rd period - Snap shot by Alexei Ponikarovsky.
7:42 of 3rd period - Stopped by Marty Turco without a rebound.
7:43 of 3rd period - Chuck Kobasew wins face-off versus Ales Kotalik in Avalanche zone.
7:52 of 3rd period - Wrist shot by Chuck Kobasew.
7:52 of 3rd period - Goal by Chuck Kobasew - Nordiques : 2 - Avalanche : 4.
7:53 of 3rd period - Vincent Lecavalier wins face-off versus Ryan Smyth in neutral zone.
7:58 of 3rd period - Snap shot by Vincent Lecavalier.
7:58 of 3rd period - Stopped by Marty Turco without a rebound.
7:59 of 3rd period - Ryan Smyth wins face-off versus Vincent Lecavalier in Avalanche zone.
8:10 of 3rd period - Wrist shot by Jason Pominville.
8:10 of 3rd period - Stopped by Jean-Sébastien Giguère without a rebound.
8:11 of 3rd period - Vincent Lecavalier wins face-off versus Ryan Smyth in Nordiques zone.
8:11 of 3rd period - Vincent Lecavalier is hit by Ryan Smyth.
8:23 of 3rd period - Penalty to Erik Cole is over, Erik Cole is back on ice.
8:37 of 3rd period - Erik Cole is hit by Bryan McCabe and loses puck.
8:48 of 3rd period - Backhand shot by Ryan Smyth.
8:48 of 3rd period - Shot Misses the Net.
8:50 of 3rd period - Slapshot by Ryan Smyth.
8:50 of 3rd period - Shot Misses the Net.
8:52 of 3rd period - Wrist shot by Jason Pominville.
8:52 of 3rd period - Shot Blocked by Jordan Leopold.
8:54 of 3rd period - Snap shot by Jason Pominville.
8:54 of 3rd period - Shot Misses the Net.
9:00 of 3rd period - Wrist shot by Jason Pominville.
9:00 of 3rd period - Deflect By Vincent Lecavalier.
9:00 of 3rd period - Shot Misses the Net.
9:00 of 3rd period - Puck is out of play.
9:01 of 3rd period - Oleg Kvasha wins face-off versus Vincent Lecavalier in Nordiques zone.
9:16 of 3rd period - Penalty to Lubomir Visnovsky is over, Lubomir Visnovsky is back on ice.
9:24 of 3rd period - Jordan Leopold is hit by Andrew Ladd and loses puck.
9:39 of 3rd period - Minor Penalty to Ryan Whitney for Hooking.
9:40 of 3rd period - Vincent Lecavalier wins face-off versus Mike Comrie in Nordiques zone.
10:10 of 3rd period - Bryan McCabe is hit by Marc Staal.
10:13 of 3rd period - Off-side.
10:14 of 3rd period - Oleg Kvasha wins face-off versus Éric Belanger in neutral zone.
10:50 of 3rd period - Snap shot by Jason Pominville.
10:50 of 3rd period - Stopped by Jean-Sébastien Giguère without a rebound.
10:51 of 3rd period - Éric Belanger wins face-off versus Mike Comrie in Nordiques zone.
11:00 of 3rd period - Snap shot by Simon Gagné.
11:00 of 3rd period - Shot Misses the Net.
11:02 of 3rd period - Wrist shot by Lubomir Visnovsky.
11:02 of 3rd period - Shot Misses the Net.
11:34 of 3rd period - Jason Pominville is hit by Éric Belanger and loses puck.
11:39 of 3rd period - Penalty to Ryan Whitney is over, Ryan Whitney is back on ice.
12:12 of 3rd period - Snap shot by Rostislav Olesz.
12:12 of 3rd period - Shot Misses the Net.
12:14 of 3rd period - Wrist shot by Corey Perry.
12:14 of 3rd period - Shot Misses the Net.
12:20 of 3rd period - Minor Penalty to Nick Schultz for Hooking.
12:21 of 3rd period - Vincent Lecavalier wins face-off versus Mike Comrie in Nordiques zone.
13:02 of 3rd period - Bryan McCabe is hit by Erik Cole and loses puck.
14:20 of 3rd period - Penalty to Nick Schultz is over, Nick Schultz is back on ice.
14:24 of 3rd period - Lubomir Visnovsky is hit by Andrew Ladd and loses puck.
14:53 of 3rd period - Slapshot by Brian Campbell.
14:53 of 3rd period - Shot Blocked by Lubomir Visnovsky.
15:03 of 3rd period - Wrist shot by Ryan Malone.
15:03 of 3rd period - Stopped by Marty Turco without a rebound.
15:04 of 3rd period - Oleg Kvasha wins face-off versus Rickard Wallin in Avalanche zone.
15:04 of 3rd period - Oleg Kvasha is hit by Alexei Ponikarovsky.
15:13 of 3rd period - Off-side.
15:14 of 3rd period - Rickard Wallin wins face-off versus Oleg Kvasha in neutral zone.
15:54 of 3rd period - Slapshot by Oleg Kvasha.
15:54 of 3rd period - Deflect By Rostislav Olesz.
15:54 of 3rd period - Goal by Rostislav Olesz - Nordiques : 2 - Avalanche : 5.
15:55 of 3rd period - Vincent Lecavalier wins face-off versus Mike Comrie in neutral zone.
15:58 of 3rd period - Snap shot by Vincent Lecavalier.
15:58 of 3rd period - Shot Blocked by Mike Comrie.
16:06 of 3rd period - Wrist shot by Vincent Lecavalier.
16:06 of 3rd period - Shot Blocked by Drew Doughty.
16:20 of 3rd period - Jack Johnson is hit by Ryan Malone and loses puck.
16:25 of 3rd period - Snap shot by Tyler Arnason.
16:25 of 3rd period - Stopped by Marty Turco with a rebound.
16:27 of 3rd period - Slapshot by Lubomir Visnovsky.
16:27 of 3rd period - Deflect By Ales Kotalik.
16:27 of 3rd period - Shot Blocked by Jack Johnson.
16:27 of 3rd period - Puck is out of play.
16:28 of 3rd period - Vincent Lecavalier wins face-off versus Mike Comrie in Avalanche zone.
16:35 of 3rd period - Slapshot by Vincent Lecavalier.
16:35 of 3rd period - Shot Misses the Net.
16:37 of 3rd period - Slapshot by Lubomir Visnovsky.
16:37 of 3rd period - Shot Misses the Net.
17:16 of 3rd period - Off-side.
17:17 of 3rd period - Bryan Little wins face-off versus Tyler Arnason in neutral zone.
17:20 of 3rd period - Ales Kotalik is hit by Erik Cole and loses puck.
17:43 of 3rd period - Drew Doughty is hit by Ryan Whitney and loses puck.
18:14 of 3rd period - Wrist shot by Oleg Kvasha.
18:14 of 3rd period - Stopped by Jean-Sébastien Giguère without a rebound.
18:15 of 3rd period - Vincent Lecavalier wins face-off versus Oleg Kvasha in Nordiques zone.
18:20 of 3rd period - Marc Staal is hit by Lubomir Visnovsky and loses puck.
18:29 of 3rd period - Slapshot by Simon Gagné.
18:29 of 3rd period - Shot Blocked by Brian Campbell.
18:31 of 3rd period - Slapshot by Maxim Afinogenov.
18:31 of 3rd period - Deflect By Vincent Lecavalier.
18:31 of 3rd period - Shot Misses the Net.
18:31 of 3rd period - Puck is out of play.
18:32 of 3rd period - Tyler Arnason wins face-off versus Mike Comrie in Avalanche zone.
18:35 of 3rd period - Wrist shot by Ales Kotalik.
18:35 of 3rd period - Shot Misses the Net.
18:37 of 3rd period - Wrist shot by Ales Kotalik.
18:37 of 3rd period - Deflect By Ryan Malone.
18:37 of 3rd period - Stopped by Marty Turco with a rebound.
18:39 of 3rd period - Snap shot by Ales Kotalik.
18:39 of 3rd period - Stopped by Marty Turco without a rebound.
18:40 of 3rd period - Mike Comrie wins face-off versus Ryan Malone in Avalanche zone.
18:47 of 3rd period - Bryan McCabe is hit by Mike Comrie and loses puck.
19:00 of 3rd period - Backhand shot by Tyler Arnason.
19:00 of 3rd period - Stopped by Marty Turco without a rebound.
19:01 of 3rd period - Vincent Lecavalier wins face-off versus Oleg Kvasha in Avalanche zone.
19:10 of 3rd period - Snap shot by Simon Gagné.
19:10 of 3rd period - Deflect By Vincent Lecavalier.
19:10 of 3rd period - Shot Misses the Net.
19:10 of 3rd period - Puck is out of play.
19:11 of 3rd period - Corey Perry wins face-off versus Vincent Lecavalier in Avalanche zone.
19:28 of 3rd period - Wrist shot by Oleg Kvasha.
19:28 of 3rd period - Stopped by Jean-Sébastien Giguère with a rebound.
19:30 of 3rd period - Minor Penalty to Maxim Afinogenov for Hooking.
19:31 of 3rd period - Mike Comrie wins face-off versus Simon Gagné in Nordiques zone.
19:38 of 3rd period - Wrist shot by Mike Comrie.
19:38 of 3rd period - Stopped by Jean-Sébastien Giguère with a rebound.
19:56 of 3rd period - Ryan Whitney is hit by Corey Perry and loses puck.
Goals for this period are 2 for Nordiques vs 4 for Avalanche.
Shots for this period are 12 for Nordiques vs 13 for Avalanche.
Output by the SimonT Hockey Simulator (STHS) for François Prévost -- Original Page W3C XHTML 1.0 Valid